 Dungeon Crawl Stone Soup version 0.30-b1-2-g02819fbbbe (webtiles) character file.

Game seed: 12290027252561625913

768 LLlMATKO the Chopper (level 7, -2/94 HPs)
             Began as a Minotaur Berserker on Nov 26, 2023.
             Was a Believer of Trog.
             Succumbed to a gnoll sergeant's poison
             ... on level 5 of the Dungeon.
             The game lasted 00:02:22 (2826 turns).

LLlMATKO the Chopper (Minotaur Berserker)           Turns: 2826, Time: 00:02:22

Health: -2/94      AC:  7    Str: 23    XL:     7   Next: 52%
Magic:  6/6        EV: 12    Int:  4    God:    Trog [**....]
Gold:   290        SH:  0    Dex: 10    Spells: 6/6 levels left

rFire   . . .        i - +0 war axe
rCold   . . .        (no shield)
rNeg    . . .        q - +1 ring mail {Will+}
rPois   .            (helmet restricted)
rElec   .            (no cloak)
rCorr   .            (no gloves)
SInv    .            (no boots)
Will    ++...        j - amulet of regeneration Stlth
                     f - ring of willpower
HPRegen 1.15/turn    (no ring)
MPRegen 0.10/turn

%: no passive effects
@: berserking (expiring), lethally poisoned (-2 -> -20), very quick
A: horns 2, retaliatory headbutt
a: Renounce Religion, Berserk, Trog's Hand


You were on level 5 of the Dungeon.
You worshipped Trog.
Trog was pleased with you.
You visited 1 branch of the dungeon, and saw 5 of its levels.

You collected 290 gold pieces.

Inventory:

Hand Weapons
 a - a +0 hand axe
 i - a +0 war axe (weapon)
 m - the +1 whip of Cruel Justice {flame, Fly Int+2 SInv Stlth-}
   (You found it on level 2 of the Dungeon)

   Int:       It affects your intelligence (+2).
   SInv:      It lets you see invisible.
   Fly:       It grants you flight.
   Stlth:     It makes you less stealthy.
Missiles
 l - 2 throwing nets (quivered)
 x - 2 curare-tipped darts
Armour
 q - a +1 ring mail of willpower (worn)
Jewellery
 b - a ring of fire
 f - a ring of willpower (left hand)
 j - an amulet of regeneration (around neck)
 t - a +6 ring of dexterity
Wands
 y - a wand of paralysis (1)
Scrolls
 d - a scroll of immolation {unknown}
 e - 2 scrolls of blinking {unknown}
 g - 3 scrolls of identify {unknown}
 k - 2 scrolls of poison {unknown}
 o - a scroll of teleportation {unknown}
 p - a scroll of amnesia {unknown}
 r - a scroll of enchant weapon {unknown}
 u - a scroll of torment {unknown}
 v - a scroll of magic mapping {unknown}
 A - a scroll of vulnerability {unknown}
Potions
 c - 3 potions of lignification {unknown}
 h - 2 potions of degeneration {unknown}
 n - 2 potions of brilliance {unknown}
 s - a potion of berserk rage {unknown}
 w - a potion of mutation {unknown}
 z - 2 potions of heal wounds {unknown}


   Skills:
 + Level 6.1 Fighting
 + Level 6.2 Axes
 + Level 5.6 Armour
 + Level 5.0 Dodging


You had 6 spell levels left.
You didn't know any spells.
Your spell library was empty.

Dungeon Overview and Level Annotations

Branches:
Dungeon (5/15)
 Temple: D:4-7

Altars:
Gozag
Hepliaklqana
Kikubaaqudgha
Makhleb


Innate Abilities, Weirdness & Mutations

You have a pair of horns on your head.
You reflexively headbutt those who attack you in melee.


Message History

You barely miss the gnoll. You hit the gnoll.
You kill the gnoll!
Trog accepts your kill.
You slash the gnoll!
You kill the gnoll!
Trog accepts your kill.
You feel very sick. The gnoll misses you. The gnoll sergeant misses you.
Your Dodging skill increases to level 5!
You slash the gnoll!
You kill the gnoll!
Trog accepts your kill.
You feel very sick.
Unknown command.
A hound and a white imp come into view.
You feel sick.
The white imp shouts, "Admit defeat, thou mangled idle-headed walking sirloin!"
The gnoll sergeant hits you with a +3 trident of venom!
You are more poisoned.
The white imp moves out of view.
You see here a +0 flail.
You slash the gnoll sergeant! You headbutt the gnoll sergeant.
The gnoll sergeant is heavily wounded.
You feel very sick.
The gnoll sergeant hits you with a +3 trident of venom!
* * * LOW HITPOINT WARNING * * *
You are lethally poisoned!
Unknown command.
The gnoll sergeant blocks your attack.
You headbutt the gnoll sergeant!
The gnoll sergeant is severely wounded.
* * * LOW HITPOINT WARNING * * *
You feel extremely sick. The white imp gestures at you.
The puff of frost hits you but does no damage.
The gnoll sergeant hits you with a +3 trident of venom!
* * * LOW HITPOINT WARNING * * *
You slash the gnoll sergeant!
You kill the gnoll sergeant!
Trog accepts your kill.
You die...

..............
..>............
.5#............
.........h.....
.............>.
..............
#.#!.)...#
#....@)#
#...).##
#.#.#.##
#...#[.## ....
#...#
.##..#..#.##
#....##..#
#.... ##.#
......###.##


You could see a hound and a white imp.

Vanquished Creatures
  Grinder (D:4)
  Sigmund (D:4)
  A phantom (D:4)
  A bullfrog (D:4)
  A gnoll sergeant (D:5)
  A hound (D:5)
  An orc priest (D:3)
  An iguana (D:4)
  An orc wizard (D:5)
  6 gnolls
  3 adders
  2 dart slugs
  12 orcs
  5 endoplasms
  3 giant cockroaches
  9 goblins
  6 hobgoblins
  6 jackals (D:1)
  2 quokkas
  4 ball pythons
  5 bats
  4 frilled lizards
  5 kobolds
  4 rats
85 creatures vanquished.

Vanquished Creatures (others)
  10 plants (D:3)
10 creatures vanquished.

Grand Total: 95 creatures vanquished

Notes
Turn   | Place    | Note
-------+----------+-------------------------------------------
     0 | D:1      | LLlMATKO the Minotaur Berserker began the quest for the
                  | Orb.
     0 | D:1      | Reached XP level 1. HP: 19/19 MP: 0/0
   215 | D:1      | Reached XP level 2. HP: 24/27 MP: 1/1
   381 | D:1      | Found a faded altar of an unknown god.
   926 | D:2      | Identified the +2 dagger of the Insatiable Scars {drain,
                  | Str+2 Int+3}
  1019 | D:2      | Reached XP level 3. HP: 33/33 MP: 2/2
  1122 | D:2      | Identified the +1 whip of Cruel Justice {flame, Fly Int+2
                  | SInv Stlth-}
  1133 | D:2      | Reached ** piety under Trog
  1223 | D:2      | Reached XP level 4. HP: 40/40 MP: 3/3
  1223 | D:2      | Found an opulent altar of Gozag.
  1969 | D:3      | Found a hazy altar of Hepliaklqana.
  2155 | D:3      | Found a faded altar of an unknown god.
  2160 | D:3      | Found a burning altar of Makhleb.
  2259 | D:4      | Reached XP level 5. HP: 47/47 MP: 4/4
  2270 | D:4      | Found an ancient bone altar of Kikubaaqudgha.
  2368 | D:4      | Noticed Sigmund
  2377 | D:4      | Killed Sigmund
  2378 | D:4      | Reached skill level 5 in Fighting
  2378 | D:4      | Reached skill level 5 in Axes
  2378 | D:4      | Reached XP level 6. HP: 56/56 MP: 5/5
  2491 | D:4      | Noticed Grinder
  2502 | D:4      | Killed Grinder
  2503 | D:4      | Reached skill level 5 in Armour
  2503 | D:4      | Reached XP level 7. HP: 62/62 MP: 6/6
  2749 | D:5      | Entered Level 5 of the Dungeon
  2822 | D:5      | Reached skill level 5 in Dodging
  2825 | D:5      | HP: 2/94 [gnoll sergeant/+3 trident of venom (8)]
  2826 | D:5      | Succumbed to a gnoll sergeant's poison

Illustrated notes

Levels and vault maps discovered:
D:1:      eino_arrival_cavern_b, layout_loops_ring,
          shapermc_ecumenical_altar_pompeii, nrook_mini_vaults
D:2:      layout_basic, basic_altar, minmay_split_cup_small
D:3:      wad_woods_pond, layout_basic, nicolae_overflow_ecumenical_swirl,
          nicolae_hepliaklqana_hippocampus
D:4:      layout_cave_pools, nicolae_overflow_crystal_walls,
          serial_column_ruins, column_ruins_hut_water, column_ruins_open_tiny,
          column_ruins_columns_straight, column_ruins_open_large,
          column_ruins_open_large, column_ruins_open_tiny,
          column_ruins_open_small, column_ruins_columns_straight, minmay_cupped,
          uniq_grinder, uniq_sigmund
D:5:      layout_rooms

Skill      XL: |  1  2  3  4  5  6  7 |
---------------+----------------------+-----
Axes           | 4 5 6 |  6.2
Fighting       | 4 5 6 |  6.1
Armour         | 3 4 5 |  5.6
Dodging        | 3 4 5 |  5.0

Action                     |  1- 3 |  4- 6 |  7- 9 || total
---------------------------+-------+-------+-------++-------
  Melee: Hand axe          |    61 |       |       ||    61
         Headbutt          |     7 |    13 |     6 ||    26
         Punch             |     1 |       |       ||     1
         War axe           |    15 |    82 |    36 ||   133
 Invoke: Berserk           |     1 |     2 |     1 ||     4
 Armour: Ring mail         |    30 |    20 |    13 ||    63
  Dodge: Dodged            |    59 |    40 |    20 ||   119
